[Event "6th Uppsala Young Champions 2019"]
[Site "Uppsala"]
[Date "2019.10.27"]
[Round "4.3"]
[White "Roshka, Yevgeniy"]
[Black "Apol, Luitjen Akselsson"]
[Result "1-0"]
[ECO "E70"]
[WhiteElo "2369"]
[BlackElo "2129"]
[Annotator "NA"]
[PlyCount "111"]
[EventDate "2019.10.25"]
[EventType "swiss"]
[EventCountry "SWE"]
[SourceTitle "playchess.com"]
[Source "ChessBase"]
[SourceQuality "1"]
[TimeControl "5400+30"]

1. d4 Nf6 2. c4 g6 3. Nc3 Bg7 4. e4 d6 5. Nge2 O-O 6. Ng3 c5 7. d5 $1 e6 $14 8. Be2 exd5 9. exd5 Re8 10. O-O a6 11. a4 Nbd7 12. h3 Rb8 13. Bf4 Qe7 14. Qd2 Qf8 15. Kh1 Kh8 16. Rae1 b6 17. Bg5 Ng8 18. f4 f5 19. Bd3 Ndf6 20. Rxe8 Qxe8 21. Re1 Qf7 22. Qc2 Bd7 23. Qb3 Ne7 24. a5 b5 25. cxb5 axb5 26. Nxb5 Bxb5 27. Bxb5 Qxd5 28. Qxd5 Nexd5 29. Bc4 h6 30. Bxf6 Nxf6 31. Bf7 Kh7 32. a6 Ra8 33. Ra1 Ra7 34. Ra2 d5 35. Ne2 d4 36. Nc1 Ne4 37. Nd3 Rxf7 38. a7 Rf8 39. a8=Q Rxa8 40. Rxa8 c4 41. Ne5 d3 42. Rd8 Nd2 43. Kg1 g5 44. g3 gxf4 45. gxf4 Bxe5 46. fxe5 Nf3+ 47. Kf2 Nxe5 48. Rd5 Nf7 49. Rxf5 Nd6 50. Rd5 Ne4+ 51. Ke3 c3 52. bxc3 Nxc3 53. Rxd3 Na4 54. Kd4 Nb6 55. Kc5 Nc8 56. Rd8 1-0

[Event "6th Uppsala Young Champions 2019"]
[Site "Uppsala"]
[Date "2019.10.27"]
[Round "4.4"]
[White "Palozza, Christian"]
[Black "Storme, Isak"]
[Result "0-1"]
[ECO "E61"]
[WhiteElo "2187"]
[BlackElo "2244"]
[Annotator "NA"]
[PlyCount "98"]
[EventDate "2019.10.25"]
[EventType "swiss"]
[EventCountry "SWE"]
[SourceTitle "playchess.com"]
[Source "ChessBase"]
[SourceQuality "1"]
[TimeControl "5400+30"]

1. d4 Nf6 2. Nf3 g6 3. e3 Bg7 4. c4 O-O 5. Nc3 d6 6. Bd3 Re8 7. O-O Nbd7 8. Qc2 c6 9. Re1 e5 10. e4 exd4 11. Nxd4 Ng4 12. Nf3 Qb6 13. Re2 Nde5 14. Nxe5 Nxe5 15. Bf4 Bg4 16. Rd2 Rad8 17. Be3 Qc7 18. h3 Bc8 19. f4 Nxd3 20. Rxd3 Qe7 21. Bd4 Bxd4+ 22. Rxd4 Qh4 23. Qf2 Qf6 24. Rad1 a6 25. R4d3 b5 26. cxb5 axb5 27. b3 b4 28. Na4 Ba6 29. Rd4 c5 30. Rd5 Bb7 31. R5d2 Bxe4 32. Re1 Bc6 33. Rxe8+ Rxe8 34. Nb6 Re4 35. Nc4 Rxf4 36. Qe2 Rd4 37. Rxd4 Qxd4+ 38. Kh1 Qf6 39. Na5 Bd5 40. Nc4 Qa1+ 41. Kh2 Qf6 42. Qe8+ Kg7 43. Qe2 h5 44. Nb6 Qf4+ 45. Kg1 Qd4+ 46. Kh1 Be4 47. Nc4 d5 48. Nd6 Qa1+ 49. Kh2 Qe5+ 0-1

[Event "6th Uppsala Young Champions 2019"]
[Site "Uppsala"]
[Date "2019.10.27"]
[Round "4.6"]
[White "Nguyen, Gabriel"]
[Black "Crevatin, Leo"]
[Result "1-0"]
[ECO "D12"]
[WhiteElo "2071"]
[BlackElo "2221"]
[Annotator "NA"]
[PlyCount "61"]
[EventDate "2019.10.25"]
[EventType "swiss"]
[EventCountry "SWE"]
[SourceTitle "playchess.com"]
[Source "ChessBase"]
[SourceQuality "1"]
[TimeControl "5400+30"]

1. Nf3 d5 2. e3 Nf6 3. c4 c6 4. b3 Bf5 5. Bb2 e6 6. Nc3 Be7 7. d4 Nbd7 8. Be2 O-O 9. O-O Ne4 10. Nxe4 Bxe4 11. Rc1 Rc8 12. Nd2 Bg6 13. c5 b6 14. b4 bxc5 15. bxc5 Rb8 16. Bc3 Qc7 17. Qa4 Rb7 18. Nb3 Rc8 19. Ba6 Rbb8 20. Bxc8 Rxc8 21. Rfd1 Bf6 22. Ba5 Qb7 23. Qb4 Qa6 24. Rd2 Rb8 25. Qa3 e5 26. Bb4 Qb7 27. Bc3 e4 28. Na5 Qc7 29. Qa4 Rc8 30. Rb2 Bd8 31. Rb7 1-0

[Event "6th Uppsala Young Champions 2019"]
[Site "Uppsala"]
[Date "2019.10.27"]
[Round "4.8"]
[White "Berglind, Axel"]
[Black "Trost, Edvin"]
[Result "0-1"]
[ECO "D00"]
[WhiteElo "2062"]
[BlackElo "1982"]
[Annotator "NA"]
[PlyCount "50"]
[EventDate "2019.10.25"]
[EventType "swiss"]
[EventCountry "SWE"]
[SourceTitle "playchess.com"]
[Source "ChessBase"]
[SourceQuality "1"]
[TimeControl "5400+30"]

1. d4 d5 2. Bf4 Nf6 3. e3 c6 4. Bd3 Bg4 5. Nf3 e6 6. c3 Be7 7. O-O O-O 8. h3 Bh5 9. Nbd2 Nbd7 10. g4 Bg6 11. g5 Bxd3 12. Re1 Ne4 13. Qb3 Nxd2 14. Nxd2 Bxg5 15. Qxb7 Bxf4 16. exf4 Qc8 17. Qb4 Rb8 18. Qd6 Rxb2 19. Nf3 Be4 20. Ne5 Nxe5 21. Qxe5 Qd8 22. Kh2 Rxf2+ 23. Kg1 Qh4 24. Qg5 Rg2+ 25. Kf1 Qf2# 0-1

[Event "6th Uppsala Young Champions 2019"]
[Site "Uppsala"]
[Date "2019.10.27"]
[Round "4.10"]
[White "Ostlund, Joar"]
[Black "Sorensen, Hampus"]
[Result "0-1"]
[ECO "A58"]
[WhiteElo "1955"]
[BlackElo "2330"]
[Annotator "NA"]
[PlyCount "114"]
[EventDate "2019.10.25"]
[EventType "swiss"]
[EventCountry "SWE"]
[SourceTitle "playchess.com"]
[Source "ChessBase"]
[SourceQuality "1"]
[TimeControl "5400+30"]

1. d4 Nf6 2. c4 c5 3. d5 b5 4. cxb5 a6 5. bxa6 g6 6. Nc3 Bg7 7. e4 O-O 8. Nf3 Qa5 9. Bd2 d6 10. a4 Bxa6 11. Be2 Qb4 12. Bxa6 Nxa6 13. Qc2 Rfb8 14. Rb1 Qb3 15. Qxb3 Rxb3 16. Ke2 Rab8 17. Ne1 Nd7 18. Nd3 c4 19. Nf4 Ndc5 20. f3 Rxb2 21. Rxb2 Rxb2 22. Nb5 c3 23. Rd1 Rxd2+ 24. Rxd2 cxd2 25. Kxd2 Bh6 26. g3 Nxa4 27. Nd4 N4c5 28. Nc6 e5 29. dxe6 fxe6 30. Ke2 Bxf4 31. gxf4 Nc7 32. Nd4 Kf7 33. Ke3 Kf6 34. Nc6 Nb5 35. e5+ dxe5 36. fxe5+ Kf7 37. f4 Nc7 38. Kd4 Nd7 39. Nd8+ Ke8 40. Nb7 Nd5 41. Ke4 Ke7 42. Kf3 N7b6 43. Nd6 Na4 44. Ne4 Nac3 45. Ng5 h6 46. Nh3 Kd7 47. Nf2 h5 48. Nd3 Kc6 49. Kg3 Ne2+ 50. Kf3 Nd4+ 51. Ke4 Nf5 52. Nf2 Kc5 53. Nd3+ Kc4 54. Nf2 Kc3 55. Nh3 Kd2 56. Ng5 Ke2 57. Nxe6 Nc3# 0-1

[Event "6th Uppsala Young Champions 2019"]
[Site "Uppsala"]
[Date "2019.10.27"]
[Round "4.11"]
[White "Ostensson, Julia"]
[Black "Thorhallsson, Simon"]
[Result "0-1"]
[ECO "A01"]
[WhiteElo "1483"]
[BlackElo "2190"]
[Annotator "NA"]
[PlyCount "120"]
[EventDate "2019.10.25"]
[EventType "swiss"]
[EventCountry "SWE"]
[SourceTitle "playchess.com"]
[Source "ChessBase"]
[SourceQuality "1"]
[TimeControl "5400+30"]

1. g3 d5 2. Bg2 Nf6 3. b3 Bf5 4. Bb2 e6 5. e3 c5 6. d3 Nc6 7. Ne2 Be7 8. O-O O-O 9. Nd2 Rc8 10. a3 h6 11. h3 Bh7 12. Kh2 Qc7 13. Nf3 Rfd8 14. d4 cxd4 15. exd4 a6 16. c3 b5 17. Re1 Ne4 18. Kg1 Nd6 19. Rc1 Qb6 20. Nf4 Be4 21. Nd3 Rc7 22. Nc5 Bf5 23. Nd2 Rdc8 24. Nf1 a5 25. Ne3 Bg6 26. b4 Nc4 27. Nxc4 bxc4 28. Ra1 Ra7 29. Qd2 Bg5 30. f4 Be7 31. Bf3 Rca8 32. Rec1 axb4 33. axb4 Rxa1 34. Rxa1 Rxa1+ 35. Bxa1 Qa7 36. Bb2 Bxc5 37. bxc5 Na5 38. Bd1 Be4 39. Qc1 Nb3 40. Bxb3 cxb3 41. Qa1 Qxa1+ 42. Bxa1 Bd3 43. Kf2 Bb5 44. Ke3 f6 45. Kd2 Kf7 46. Kc1 Ke7 47. Kb2 Kd7 48. Kxb3 Kc6 49. Kb4 Bc4 50. Bb2 g6 51. Bc1 f5 52. Ka3 h5 53. Kb2 Bd3 54. Be3 Bf1 55. h4 Bd3 56. Kc1 Bc4 57. Kb2 Bd3 58. Ka3 Bc4 59. Kb4 Bd3 60. Ka3 Bc4 0-1

[Event "6th Uppsala Young Champions 2019"]
[Site "Uppsala"]
[Date "2019.10.27"]
[Round "4.12"]
[White "Carlsson, Ludvig"]
[Black "Rasti, Arvin"]
[Result "0-1"]
[ECO "C90"]
[WhiteElo "2066"]
[BlackElo "2179"]
[Annotator "NA"]
[PlyCount "114"]
[EventDate "2019.10.25"]
[EventType "swiss"]
[EventCountry "SWE"]
[SourceTitle "playchess.com"]
[Source "ChessBase"]
[SourceQuality "1"]
[TimeControl "5400+30"]

1. e4 e5 2. Nf3 Nc6 3. Bb5 a6 4. Ba4 Nf6 5. d3 b5 6. Bb3 Be7 7. O-O O-O 8. Re1 d6 9. c3 h6 10. Nbd2 Re8 11. Nf1 Bf8 12. h3 Ne7 13. Ng3 Ng6 14. d4 Bb7 15. a4 exd4 16. Qxd4 c5 17. Qd1 Nxe4 18. Nxe4 Rxe4 19. Rxe4 Bxe4 20. Be3 d5 21. Nd2 Bf5 22. Qf3 Be6 23. Nf1 Rb8 24. axb5 Rxb5 25. Bc2 Ne5 26. Qg3 Qf6 27. Rxa6 Rxb2 28. Ba4 Kh7 29. Nh2 Rb1+ 30. Nf1 g6 31. Bf4 Nc4 32. Bd7 Rb6 33. Rxb6 Nxb6 34. Bxe6 Qxe6 35. Ne3 Bg7 36. Qf3 d4 37. cxd4 cxd4 38. Nd1 Nd5 39. Bd2 Nb6 40. Qd3 Nc4 41. Bc1 Ne5 42. Qf1 d3 43. Ne3 Qc6 44. Qd1 Qe4 45. Bd2 Nc4 46. Nxc4 Qxc4 47. Qf3 h5 48. Qe3 Qb5 49. g3 Qd5 50. Kh2 Bf6 51. Qh6+ Kg8 52. Qf4 Be5 53. Qe3 h4 54. Bb4 hxg3+ 55. fxg3 Qa2+ 56. Bd2 Bc3 57. Qe8+ Kg7 0-1

[Event "6th Uppsala Young Champions 2019"]
[Site "Uppsala"]
[Date "2019.10.27"]
[Round "4.13"]
[White "Wernberg, Hugo"]
[Black "Narva, David"]
[Result "1-0"]
[ECO "E63"]
[WhiteElo "2006"]
[BlackElo "1979"]
[Annotator "NA"]
[PlyCount "49"]
[EventDate "2019.10.25"]
[EventType "swiss"]
[EventCountry "SWE"]
[SourceTitle "playchess.com"]
[Source "ChessBase"]
[SourceQuality "1"]
[TimeControl "5400+30"]

1. c4 Nf6 2. Nf3 g6 3. g3 Bg7 4. Bg2 O-O 5. O-O d6 6. d4 Nc6 7. Nc3 a6 8. b3 Bd7 9. Bb2 Rb8 10. d5 Na5 11. Nd2 b5 12. cxb5 Bxb5 13. Nxb5 Rxb5 14. e4 e6 15. dxe6 fxe6 16. Re1 d5 17. exd5 exd5 18. Nf3 Nc4 19. Bxf6 Bxf6 20. bxc4 dxc4 21. Rc1 Qxd1 22. Rexd1 c3 23. Bf1 Rb2 24. Bxa6 Rxa2 25. Bc4+ 1-0

[Event "6th Uppsala Young Champions 2019"]
[Site "Uppsala"]
[Date "2019.10.27"]
[Round "4.14"]
[White "Soderstrom, Adrian"]
[Black "Muntean, Victor"]
[Result "1-0"]
[ECO "B01"]
[WhiteElo "1960"]
[BlackElo "2020"]
[Annotator "NA"]
[PlyCount "61"]
[EventDate "2019.10.25"]
[EventType "swiss"]
[EventCountry "SWE"]
[SourceTitle "playchess.com"]
[Source "ChessBase"]
[SourceQuality "1"]
[TimeControl "5400+30"]

1. e4 d5 2. exd5 Qxd5 3. Nc3 Qd8 4. d4 Nf6 5. Nf3 Bg4 6. Be2 e6 7. O-O Nbd7 8. Ne5 Bxe2 9. Qxe2 Nxe5 10. dxe5 Nd5 11. Qb5+ c6 12. Qxb7 Nb4 13. Bg5 f6 14. Rad1 Qc8 15. Qxc8+ Rxc8 16. exf6 Nxc2 17. a3 Rb8 18. Rd2 Rxb2 19. Rc1 Bxa3 20. Rdxc2 Rb3 21. Rd1 Kf7 22. fxg7 Kxg7 23. h3 Bb4 24. Ne4 Rf8 25. Rd7+ Kg6 26. Be3 Rb1+ 27. Kh2 Rf5 28. Rxc6 a5 29. Rxe6+ Kh5 30. Ng3+ Kh4 31. Rxh7+ 1-0

[Event "6th Uppsala Young Champions 2019"]
[Site "Uppsala"]
[Date "2019.10.27"]
[Round "4.15"]
[White "Skahlberg Bjerknes-Lima de Far, Warg"]
[Black "Mitra, Akash"]
[Result "0-1"]
[ECO "B40"]
[WhiteElo "1637"]
[BlackElo "1936"]
[Annotator "NA"]
[PlyCount "84"]
[EventDate "2019.10.25"]
[EventType "swiss"]
[EventCountry "SWE"]
[SourceTitle "playchess.com"]
[Source "ChessBase"]
[SourceQuality "1"]
[TimeControl "5400+30"]

1. e4 c5 2. Nf3 e6 3. d4 cxd4 4. Nxd4 Qb6 5. Nc3 Bc5 6. Be3 Nf6 7. Na4 Qa5+ 8. Nc3 Nxe4 9. Nb3 Nxc3 10. Nxa5 Nxd1 11. Rxd1 Bxe3 12. fxe3 d5 13. Bb5+ Bd7 14. Bxd7+ Nxd7 15. Nxb7 Rb8 16. Nd6+ Ke7 17. Nxf7 Kxf7 18. O-O+ Nf6 19. e4 dxe4 20. Rd7+ Kg6 21. Rxa7 Rxb2 22. Rf2 Rd8 23. h3 e3 24. Rf3 Rd1+ 25. Kh2 Nd5 26. Rg3+ Kf6 27. Rf3+ Ke5 28. Ra5 e2 29. Re3+ Kd4 30. Rxe2 Rc1 31. Rxe6 Rcxc2 32. Rd6 Rxg2+ 33. Kh1 Rg5 34. Ra4+ Ke5 35. Rc6 Rf5 36. Rc1 Rf3 37. Re1+ Ne3 38. Ra5+ Kf4 39. Ra4+ Kg3 40. Rg1+ Kxh3 41. Rxg7 Rh2+ 42. Kg1 Rf1# 0-1

[Event "6th Uppsala Young Champions 2019"]
[Site "Uppsala"]
[Date "2019.10.27"]
[Round "4.16"]
[White "Grahn, Vidar"]
[Black "Dingertz, Erik"]
[Result "1-0"]
[ECO "C45"]
[WhiteElo "1926"]
[BlackElo "1908"]
[Annotator "NA"]
[PlyCount "68"]
[EventDate "2019.10.25"]
[EventType "swiss"]
[EventCountry "SWE"]
[SourceTitle "playchess.com"]
[Source "ChessBase"]
[SourceQuality "1"]
[TimeControl "5400+30"]

1. e4 e5 2. Nf3 Nc6 3. d4 exd4 4. Nxd4 Nxd4 5. Qxd4 d6 6. c4 c5 7. Qd2 f5 8. Nc3 Nf6 9. Bd3 Be6 10. exf5 Bf7 11. O-O Be7 12. b3 O-O 13. Bb2 a6 14. Rad1 Qd7 15. Rfe1 Bd8 16. Bc2 Re8 17. Rxe8+ Nxe8 18. Nd5 Bh5 19. f3 Nf6 20. Nxf6+ gxf6 21. Qxd6 Qxd6 22. Rxd6 Be7 23. Rd7 Kf8 24. Rxb7 Be8 25. Be4 Rd8 26. Bd5 Bf7 27. Bxf6 Bxf6 28. Rxf7+ Kg8 29. Rxf6+ Kg7 30. Rc6 Kf8 31. Rxc5 Ke7 32. Rc7+ Rd7 33. Rxd7+ Kxd7 34. g4 Ke7 1-0

[Event "6th Uppsala Young Champions 2019"]
[Site "Uppsala"]
[Date "2019.10.28"]
[Round "5.2"]
[White "Storme, Isak"]
[Black "Crevatin, Leo"]
[Result "1/2-1/2"]
[ECO "B13"]
[WhiteElo "2244"]
[BlackElo "2221"]
[Annotator "NA"]
[PlyCount "63"]
[EventDate "2019.10.25"]
[EventType "swiss"]
[EventCountry "SWE"]
[SourceTitle "playchess.com"]
[Source "ChessBase"]
[SourceQuality "1"]
[TimeControl "5400+30"]

1. e4 c6 2. d4 d5 3. exd5 cxd5 4. Bd3 Nc6 5. c3 Nf6 6. Bf4 Bg4 7. Qb3 Qc8 8. Nd2 e6 9. Ngf3 Be7 10. O-O O-O 11. Rfe1 a6 12. Ne5 {[%emt 0:03:34] B13: Caro-Kann: Exchange Variation and Panov-Botvinnik Attack} Nxe5 13. Bxe5 Bh5 14. a4 Nd7 15. Bg3 Bg6 16. Bxg6 hxg6 17. Nf3 Qc6 18. a5 {[%emt 0:01:47] [#]} Bd6 $146 ({Predecessor:} 18... Rfc8 19. Ne5 Nxe5 20. Rxe5 Qb5 21. Qa2 {0-1 (80) Sorbe,S (2358)-Alonso Rosell,A (2521) Figueres 2010}) 19. Bxd6 Qxd6 20. Ne5 Nxe5 21. Rxe5 Qc7 22. h4 Rab8 23. h5 gxh5 $1 24. Rxh5 g6 25. Rh3 Kg7 26. Qc2 Rh8 27. Rxh8 Rxh8 28. g3 Qc4 29. Kg2 Qb5 30. Qd2 Qb3 31. Qf4 Qxb2 32. Qe5+ $11 1/2-1/2

[Event "6th Uppsala Young Champions 2019"]
[Site "Uppsala"]
[Date "2019.10.28"]
[Round "5.8"]
[White "Rasti, Arvin"]
[Black "Berglind, Axel"]
[Result "0-1"]
[ECO "A39"]
[WhiteElo "2179"]
[BlackElo "2062"]
[Annotator "NA"]
[PlyCount "54"]
[EventDate "2019.10.25"]
[EventType "swiss"]
[EventCountry "SWE"]
[SourceTitle "playchess.com"]
[Source "ChessBase"]
[SourceQuality "1"]
[TimeControl "5400+30"]

1. Nf3 c5 2. c4 Nc6 3. b3 Nf6 4. Bb2 g6 5. g3 Bg7 6. Bg2 O-O 7. Nc3 a6 8. O-O Rb8 9. d4 cxd4 10. Nxd4 Nxd4 11. Qxd4 d6 12. Rfd1 {[%emt 0:04:43] A39: Symmetrical English vs ...g6: 4 Bg2 Bg7 5 Nf3 Nf6 6 0-0 0-0 7 d4} Be6 13. Rac1 Qa5 14. Qd2 Rfc8 15. a4 $146 ({Predecessor:} 15. Na4 Qxd2 16. Rxd2 b5 17. cxb5 Rxc1+ 18. Bxc1 axb5 19. Nc3 {0-1 (60) Altounian,L (2454)-Hess,R (2590) Saint Louis 2010}) 15... Qb4 16. Qc2 {[%emt 0:02:21] [#]} (16. Ne4 $11 {keeps the balance.} Qxb3 17. Bxf6 Bxf6 18. Nxf6+ exf6 19. a5) 16... b5 $1 17. Na2 Qc5 18. Bd4 {[%emt 0:00:25] [#]} Qa3 $1 19. Ba7 bxa4 20. Bxb8 axb3 21. Qd3 $2 (21. Rd3 $1 $11 bxc2 22. Rxa3) 21... Rxb8 22. Nc3 b2 23. Rc2 Bf5 24. Qd2 Bxc2 25. Qxc2 Nd7 26. Nd5 Qb3 27. Qb1 {[%emt 0:00:54] [#]} Qxd1+ $19 {[%emt 0:00:08] Remove Defender, Promotion} 0-1

[Event "6th Uppsala Young Champions 2019"]
[Site "Uppsala"]
[Date "2019.10.28"]
[Round "5.9"]
[White "Trost, Edvin"]
[Black "Wernberg, Hugo"]
[Result "1/2-1/2"]
[ECO "C24"]
[WhiteElo "1982"]
[BlackElo "2006"]
[Annotator "NA"]
[PlyCount "67"]
[EventDate "2019.10.25"]
[EventType "swiss"]
[EventCountry "SWE"]
[SourceTitle "playchess.com"]
[Source "ChessBase"]
[SourceQuality "1"]
[TimeControl "5400+30"]

1. e4 e5 2. Bc4 Nf6 3. d3 c6 4. Bb3 d6 (4... Be7 5. Nf3 d6 6. Nc3 Nbd7 7. a3 O-O 8. O-O Nc5 9. Ba2 Be6 10. Re1 Bxa2 11. Rxa2 Re8 12. h3 {½-½ (48) Lagarde,M (2591)-Buhmann,R (2589) Berlin 2018}) 5. Nc3 Be7 6. Nge2 {[%emt 0:01:31] C24: Bishop's Opening: 2...Nf6} Be6 7. O-O Nbd7 8. Kh1 $146 ({Predecessor:} 8. Ng3 Nc5 9. f4 Nxb3 10. axb3 exf4 11. Bxf4 O-O 12. Kh1 {½-½ (59) Kalix,W (2052)-Becherer,T Germany 2014}) 8... Nf8 9. f4 exf4 10. Nxf4 Bxb3 11. axb3 Ng6 12. d4 Nxf4 13. Bxf4 O-O 14. Qe2 Re8 15. Rad1 d5 16. e5 Bb4 17. Bg5 {[%emt 0:00:00] Pin} Bxc3 (17... Qd7 {might work better.} 18. Bxf6 gxf6 19. Rxf6 Be7) 18. bxc3 ({Not} 18. Bxf6 gxf6 19. bxc3 Re6 $16) 18... Qd7 19. Bxf6 gxf6 20. Rxf6 Re6 21. Rdf1 (21. Qg4+ $142 Kh8 22. Qf4) 21... Rxf6 22. Rxf6 a5 23. h4 b5 $18 (23... c5 $142 24. Qh5 Ra6 25. dxc5 Rxf6 26. exf6 Qe6 27. Qg5+ Kf8) 24. e6 fxe6 25. Rxe6 a4 26. bxa4 bxa4 27. Re7 Qf5 28. Re8+ Rxe8 29. Qxe8+ Kg7 30. Qxc6 Qf1+ 31. Kh2 Qf4+ 32. Kg1 Qc1+ 33. Kh2 Qf4+ 34. Kg1 1/2-1/2

[Event "6th Uppsala Young Champions 2019"]
[Site "Uppsala"]
[Date "2019.10.28"]
[Round "5.10"]
[White "Nguyen, Gabriel"]
[Black "Ostlund, Joar"]
[Result "1-0"]
[ECO "D53"]
[WhiteElo "2071"]
[BlackElo "1955"]
[Annotator "NA RC"]
[PlyCount "103"]
[EventDate "2019.10.25"]
[EventType "swiss"]
[EventCountry "SWE"]
[SourceTitle "playchess.com"]
[Source "ChessBase"]
[SourceQuality "1"]
[TimeControl "5400+30"]

1. d4 d5 2. c4 e6 3. Nc3 Nf6 4. Nf3 c6 5. Bg5 Be7 6. e3 Nbd7 7. Bd3 dxc4 8. Bxc4 b5 9. Bd3 a6 10. a4 {[%emt 0:00:44] D53: Queen's Gambit Declined: 4 Bg5 Be7: Early deviations} Bb7 11. Rc1 Rc8 (11... b4 $5 12. Ne2 c5 $11) 12. Qe2 $146 ({Predecessor:} 12. O-O Qb6 13. Ne5 Nxe5 14. dxe5 Nd7 15. Bxe7 Kxe7 16. Qg4 h6 17. Qg3 Rcd8 {1-0 (33) Laurusas,T (2419)-Tokranovs,D (2325) Panevezys 2017}) 12... b4 13. Bxf6 Nxf6 14. Ne4 Nxe4 15. Bxe4 Qb6 (15... Qc7 $11) 16. O-O c5 17. Bd3 cxd4 18. Rxc8+ Bxc8 19. Nxd4 O-O 20. h3 (20. Qc2 $11) 20... Bb7 21. Rc1 Bf6 22. Nb3 Rd8 23. Qc2 g6 24. Be2 Bd5 $15 25. Rd1 Bxb3 26. Rxd8+ Qxd8 27. Qxb3 a5 28. Qc2 Qd5 29. b3 Qe5 30. Qc4 Qb2 31. g3 h5 32. Kg2 Qc3 33. g4 Qxc4 34. Bxc4 hxg4 35. hxg4 Bd8 36. f4 g5 37. Kf3 gxf4 38. exf4 Kg7 39. g5 f6 40. Kg4 fxg5 41. fxg5 e5 42. Bd3 Bc7 43. Kf5 Bd6 44. Be4 Bc7 45. Ke6 Bb8 46. Kd7 Kf7 47. Kc6 Ke8 48. Kb6 Bd6 49. Kxa5 Kd7 50. Kb6 Be7 51. g6 Kc8 52. g7 1-0

[Event "6th Uppsala Young Champions 2019"]
[Site "Uppsala"]
[Date "2019.10.28"]
[Round "5.11"]
[White "Fjallheim, Leif Reinert"]
[Black "Ostensson, Julia"]
[Result "1-0"]
[ECO "D00"]
[WhiteElo "1985"]
[BlackElo "1483"]
[Annotator "NA RC"]
[PlyCount "59"]
[EventDate "2019.10.25"]
[EventType "swiss"]
[EventCountry "SWE"]
[SourceTitle "playchess.com"]
[Source "ChessBase"]
[SourceQuality "1"]
[TimeControl "5400+30"]

1. d4 d5 2. Bf4 Nf6 3. e3 c5 4. c3 Nc6 5. Nd2 Bf5 6. Ngf3 e6 7. Qb3 {[%emt 0:00:30] D00: 1 d4 d5: Unusual lines} (7. Be2 Bd6 8. dxc5 Bxc5 9. Nd4 Bg6 10. Qa4 O-O 11. Nxc6 bxc6 12. Qxc6 Rc8 13. Qa4 Re8 14. O-O e5 {0-1 (57) Le,Q (2737)-Ding,L (2777) Riadh 2017}) 7... Qd7 8. Ne5 Qc8 9. Bb5 Nd7 10. Ndf3 $146 ({Predecessor:} 10. Nxd7 Qxd7 11. Be2 c4 12. Qd1 Bd6 13. Bxd6 Qxd6 14. b4 O-O {½-½ (32) Ballmann,M (2397)-Buss,R (2322) Switzerland 2018}) 10... f6 11. Nxd7 Qxd7 12. c4 a6 13. Bxc6 bxc6 14. Rc1 cxd4 15. exd4 Bd6 16. Bxd6 Qxd6 17. cxd5 cxd5 18. O-O O-O 19. Rc5 Rfb8 20. Qc3 Qb6 $16 21. b3 a5 22. a3 Rb7 23. Rc1 Qxb3 24. Rc8+ Rxc8 25. Qxc8+ Kf7 26. Rc7+ Kg6 27. h3 Rxc7 28. Qxc7 Qxa3 29. Qg3+ Kf7 30. Ng5+ 1-0

[Event "6th Uppsala Young Champions 2019"]
[Site "Uppsala"]
[Date "2019.10.28"]
[Round "5.13"]
[White "Narva, David"]
[Black "Carlsson, Ludvig"]
[Result "1-0"]
[ECO "C02"]
[WhiteElo "1979"]
[BlackElo "2066"]
[Annotator "NA RC"]
[PlyCount "107"]
[EventDate "2019.10.25"]
[EventType "swiss"]
[EventCountry "SWE"]
[SourceTitle "playchess.com"]
[Source "ChessBase"]
[SourceQuality "1"]
[TimeControl "5400+30"]

1. e4 e6 2. Nf3 d5 3. e5 c5 4. c3 Nc6 5. Na3 Bd7 6. Nc2 Qb6 7. d4 cxd4 8. cxd4 Nb4 {[%emt 0:00:09] C02: French: Advance Variation} 9. Nxb4 Bxb4+ 10. Bd2 Bxd2+ 11. Qxd2 Bb5 12. Bd3 Qa6 13. Bxb5+ Qxb5 14. a4 {[%emt 0:01:24] [#]} Qa6 $146 ({Predecessor:} 14... Qb6 15. O-O Ne7 {½-½ (14) Ward,C (2505)-Tkachiev,V (2615) Hastings 1997}) 15. b4 Ne7 16. b5 Qb6 17. Qb4 Nc6 18. Qc3 Na5 19. Nd2 O-O 20. Rc1 a6 21. Qc5 Qxc5 22. dxc5 axb5 23. axb5 Nc4 $1 24. Nxc4 dxc4 25. Ke2 Ra5 26. Rxc4 Rxb5 27. Rd1 Rc8 28. Rdc1 g5 29. Ke3 Kg7 30. g4 Kf8 31. R1c2 Rd8 32. Rd4 Ra8 $15 33. Rc3 Ra1 34. Rd8+ Kg7 35. Rb8 Re1+ 36. Kd4 Rb4+ 37. Rc4 Re4+ 38. Kxe4 Rxc4+ 39. Kf3 Rxc5 40. Rxb7 Rxe5 41. Kg3 Re2 42. h3 Kg6 43. Rb8 h5 44. Rg8+ Kf6 45. gxh5 Re4 46. h6 Rh4 47. f4 Rh5 48. fxg5+ Kf5 49. h4 e5 50. Rg7 e4 51. Rxf7+ Ke6 52. Rf6+ Ke7 53. Kg4 e3 54. Rf3 1-0

[Event "6th Uppsala Young Champions 2019"]
[Site "Uppsala"]
[Date "2019.10.28"]
[Round "5.14"]
[White "Mitra, Akash"]
[Black "Soderstrom, Adrian"]
[Result "0-1"]
[ECO "C77"]
[WhiteElo "1936"]
[BlackElo "1960"]
[Annotator "NA RC"]
[PlyCount "98"]
[EventDate "2019.10.25"]
[EventType "swiss"]
[EventCountry "SWE"]
[SourceTitle "playchess.com"]
[Source "ChessBase"]
[SourceQuality "1"]
[TimeControl "5400+30"]

1. e4 e5 2. Nf3 Nc6 3. Bb5 a6 4. Ba4 Nf6 5. d3 d6 6. c3 Be7 7. Nbd2 O-O 8. h3 {[%emt 0:00:30] C77: Ruy Lopez: 3...a6 4 Ba4 Nf6, unusual lines} (8. O-O b5 9. Bb3 Na5 10. Bc2 c5 11. Re1 Nc6 12. Nf1 Re8 13. h3 h6 14. Ng3 Be6 15. d4 exd4 16. cxd4 cxd4 17. Nxd4 Nxd4 18. Qxd4 Rc8 19. Bb3 d5 20. exd5 Nxd5 21. Ne4 Qd7 22. Bd2 Qb7 {0-1 (67) Predke,A (2622)-Matlakov,M (2700) St Petersburg 2018}) 8... Nd7 9. g4 (9. O-O $14) 9... b5 $146 ({Predecessor:} 9... Nc5 10. Bc2 Ne6 11. Nf1 d5 12. Qe2 Re8 13. Ng3 g6 {0-1 (41) Albin,A-Gunsberg,I Monte Carlo 1902}) 10. Bc2 Re8 11. Nf1 Nf8 12. Ng3 g6 13. a4 Rb8 14. Qd2 (14. axb5 $11 axb5 15. Bb3) 14... Ne6 (14... b4 $17) 15. axb5 axb5 16. Bb3 b4 17. Bxe6 Bxe6 18. Nf5 Bf8 19. Nh6+ {[%emt 0:00:30] [#]} Kh8 $1 20. g5 bxc3 21. Qxc3 (21. bxc3 $17 {was the only chance.} f5 22. gxf6) 21... Qd7 22. Be3 Rb3 23. Qd2 d5 24. Qd1 dxe4 $19 (24... d4 $142 25. Bc1 Nb4 26. Nxe5 Qb5 {[%mdl 64] Remove Defender}) 25. dxe4 Rd3 26. Qe2 Bb4+ 27. Kf1 Bc4 28. Kg2 Rd8 29. Rac1 Qe6 30. Qc2 Na5 31. Rhd1 c5 32. b3 Ba6 33. Nxe5 Kg7 34. Nxd3 Qxe4+ 35. f3 Qxe3 36. Qb2+ Rd4 37. Nxb4 Bb7 38. Qf2 Qxg5+ 39. Qg3 Rd2+ 40. Rxd2 Qxd2+ 41. Qf2 Qxc1 42. Nf5+ gxf5 43. Qg3+ Kh6 44. Qd6+ Kh5 45. Nd3 Qd2+ 46. Kg3 Qg5+ 47. Kh2 Bxf3 48. Nf4+ Kh4 49. Qe5 Qg3# 0-1